[Event "DVM U20 2019"]
[Site "Braunschweig"]
[Date "2019.12.27"]
[Round "1"]
[White "Kololli, Martin"]
[Black "Roseneck, Jonas"]
[Result "0-1"]
[ECO "B22"]
[WhiteElo "2343"]
[BlackElo "2417"]
[Annotator "NA"]
[PlyCount "87"]
[EventDate "2019.12.27"]
[EventType "team-tourn"]
[EventRounds "7"]
[EventCountry "GER"]
[SourceTitle "playchess.com"]
[Source "ChessBase"]
[SourceQuality "1"]
[WhiteTeam "Lübecker SV"]
[BlackTeam "SG Aufbau Elbe Magdeburg"]
[TimeControl "40/5400+30:1800+30"]

1. e4 c5 2. c3 Nf6 3. e5 Nd5 4. d4 cxd4 5. Nf3 Nc6 6. cxd4 d6 7. Bc4 e6 8. O-O Be7 {[%emt 0:00:02] unterminated} 9. exd6 {[%emt 0:01:36] B22: Sicilian: 2 c3} (9. Qe2 O-O 10. a3 Bd7 11. exd6 Bxd6 12. Nc3 Nce7 13. Ne4 Bc6 14. Ne5 Rc8 15. Rd1 Bb8 16. Ng5 Be8 17. Bd3 Nf6 18. Ngf3 Ned5 19. Bd2 a6 20. Rac1 Rxc1 21. Rxc1 Qb6 22. Nc4 Qd8 23. Nce5 Qb6 24. Nc4 Qd8 {½-½ (24) Vachier Lagrave,M (2789)-Caruana,F (2816) Leuven 2018}) 9... Bxd6 10. Nc3 O-O 11. Re1 h6 {[%emt 0:00:05] unterminated} 12. Bb3 Nf6 {[%emt 0:01:17] unterminated} 13. a3 {[%emt 0:05:52] unterminated} b6 {[%emt 0:08:19] unterminated} 14. Qd3 {[%emt 0:10:46] unterminated} Bb7 15. Bc2 {[%emt 0:01:09] unterminated} Ne7 {[%emt 0:02:32] unterminated} 16. Ne5 $146 {[%emt 0:03:47] unterminated} ({Predecessor:} 16. Bd2 Rc8 17. Rad1 Nf5 18. Ne5 Re8 {1-0 (29) Meskovs,N (2372)-Gundavaa,B (2516) Kazan 2013}) 16... Bxe5 17. dxe5 Qxd3 18. Bxd3 Nd7 {[%emt 0:00:28] unterminated} 19. Bf4 {[%emt 0:05:28] unterminated} Nc5 20. Bc2 {[%emt 0:00:51] unterminated} Rad8 21. Rad1 {[%emt 0:01:06] unterminated} Ba6 {[%emt 0:00:29] unterminated} 22. Rxd8 Rxd8 23. b4 {[%emt 0:00:53] unterminated} Nd3 24. Rd1 {[%emt 0:00:36] unterminated} Bc4 25. f3 {[%emt 0:03:02] unterminated} Kf8 {[%emt 0:06:18] unterminated} 26. Rd2 (26. Ne4 $11 Rd5 27. Bxd3 Rxd3 28. Rxd3 Bxd3 29. Nd6) 26... Nd5 {[%emt 0:01:22] unterminated} 27. Ne2 {[%emt 0:03:01] unterminated} N3xb4 {[%emt 0:06:43] unterminated} ({Of course not} 27... N3xf4 $6 28. Nxf4 Ke7 29. Nh5 $11) 28. axb4 Bxe2 $1 29. Bb3 {[%emt 0:03:15] unterminated} Bb5 30. Be3 Ke7 31. Bxd5 exd5 32. Rd4 Bc4 33. Rg4 Kf8 34. Bd4 Re8 35. f4 g6 36. Rh4 h5 37. f5 Bd3 {[%emt 0:00:59] unterminated} 38. fxg6 {[%emt 0:02:24] unterminated} Bxg6 {[%emt 0:02:15] unterminated} 39. Rh3 {[%emt 0:05:26] unterminated} Rc8 {[%emt 0:00:57] unterminated} 40. Ra3 Rc4 41. Be3 {[%emt 0:31:08] unterminated} d4 {[%emt 0:07:28] unterminated} 42. Bh6+ {[%emt 0:00:00] unterminated} (42. Bg5 $17) 42... Ke7 43. Rxa7+ Ke6 {unterminated} 44. b5 $19 {[%emt 0:00:00] normal} 0-1

[Event "DVM U20 2019"]
[Site "Braunschweig"]
[Date "2019.12.27"]
[Round "1"]
[White "Röhr, Tobias"]
[Black "Dörp, Max Marian"]
[Result "1-0"]
[ECO "D43"]
[WhiteElo "2103"]
[BlackElo "1767"]
[Annotator "ChessBase"]
[PlyCount "71"]
[EventDate "2019.12.27"]
[EventType "team-tourn"]
[EventRounds "7"]
[EventCountry "GER"]
[SourceTitle "playchess.com"]
[Source "ChessBase"]
[SourceQuality "1"]
[WhiteTeam "SG Aufbau Elbe Magdeburg"]
[BlackTeam "Lübecker SV"]
[TimeControl "40/5400+30:1800+30"]

1. d4 d5 2. c4 c6 3. Nf3 Nf6 4. Nc3 e6 5. Bg5 h6 6. Bxf6 Qxf6 7. e3 Bd6 8. Bd3 Nd7 9. O-O Qe7 10. cxd5 cxd5 11. e4 dxe4 12. Nxe4 O-O 13. Re1 Bb4 14. Re2 Nf6 15. a3 Ba5 16. Nxf6+ Qxf6 17. Bc2 Rd8 18. Qd3 g6 19. Re4 Bd7 20. Qe3 Rac8 21. Bd3 Bc6 22. Rf4 Qg7 23. Ne5 Be8 24. h4 Bb6 25. Rd1 Bc7 26. Rf3 Bxe5 27. dxe5 Bb5 28. Bc2 Rxd1+ 29. Bxd1 Rd8 30. Bc2 Bc6 31. Rf6 h5 32. Qg5 Kf8 33. Bxg6 Be8 34. Qxh5 Ke7 35. Qg5 Kd7 36. Bxf7 {[%emt 0:02:08] normal} 1-0

[Event "DVM U20 2019"]
[Site "Braunschweig"]
[Date "2019.12.27"]
[Round "1"]
[White "Kartsev, Nikolay"]
[Black "Wu, Leon"]
[Result "1/2-1/2"]
[ECO "C77"]
[WhiteElo "2092"]
[BlackElo "2019"]
[Annotator "NA RC"]
[PlyCount "40"]
[EventDate "2019.12.27"]
[EventType "team-tourn"]
[EventRounds "7"]
[EventCountry "GER"]
[SourceTitle "playchess.com"]
[Source "ChessBase"]
[SourceQuality "1"]
[WhiteTeam "SF Brackel"]
[BlackTeam "OSG Baden-Baden"]
[TimeControl "40/5400+30:1800+30"]

1. e4 e5 2. Nf3 Nc6 3. Bb5 a6 4. Ba4 Nf6 5. d3 b5 6. Bb3 Bc5 7. c3 d6 {[%emt 0:00:33] unterminated} 8. O-O h6 {[%emt 0:00:56] unterminated} 9. d4 {[%emt 0:09:53] unterminated} Bb6 {[%emt 0:04:39] unterminated} 10. dxe5 Nxe5 {[%emt 0:01:05] unterminated} 11. Nxe5 dxe5 {[%emt 0:00:10] unterminated} 12. Qxd8+ Kxd8 13. Nd2 Be6 14. Bxe6 fxe6 15. Nf3 Nd7 16. Be3 Bxe3 17. fxe3 g5 18. Rad1 Ke7 19. Rf2 {[%emt 0:05:20] normal} Rhg8 {[%emt 0:01:58] normal} 20. Rfd2 $11 Rad8 {[%emt 0:02:59] normal} 1/2-1/2

[Event "DVM U20 2019"]
[Site "Braunschweig"]
[Date "2019.12.27"]
[Round "1"]
[White "Engel, Robert"]
[Black "Verfürth, Kevin"]
[Result "1/2-1/2"]
[ECO "B54"]
[WhiteElo "2075"]
[BlackElo "2038"]
[Annotator "NA RC"]
[PlyCount "65"]
[EventDate "2019.12.27"]
[EventType "team-tourn"]
[EventRounds "7"]
[EventCountry "GER"]
[SourceTitle "playchess.com"]
[Source "ChessBase"]
[SourceQuality "1"]
[WhiteTeam "Hamburger SK"]
[BlackTeam "SK Turm Kleve"]
[TimeControl "40/5400+30:1800+30"]

1. e4 c5 2. Nf3 d6 3. d4 cxd4 4. Nxd4 Nf6 5. f3 g6 6. c4 Bg7 7. Nc3 Nc6 8. Be3 O-O 9. Qd2 Nxd4 10. Bxd4 Nd7 11. Be3 Ne5 12. Rc1 Be6 13. b3 Qd7 14. Be2 f5 15. O-O fxe4 16. Nxe4 Bf5 17. Nc3 b6 18. Nb5 Rac8 19. a4 Nc6 20. Bd3 Bxd3 21. Qxd3 Qf5 22. Rfd1 Qxd3 23. Rxd3 Be5 24. Nd4 Nxd4 25. Bxd4 Bxd4+ 26. Rxd4 Rf5 27. Re1 Kf7 28. Kf2 Rc7 29. g4 Rf6 30. Kg3 e5 31. Rd5 Rc5 32. Red1 Rxd5 33. Rxd5 {[%emt 0:00:53] normal} 1/2-1/2

[Event "DVM U20 2019"]
[Site "Braunschweig"]
[Date "2019.12.27"]
[Round "1"]
[White "Dechant, Georg"]
[Black "Grimm, Ling Leander"]
[Result "1-0"]
[ECO "B34"]
[WhiteElo "2065"]
[BlackElo "1777"]
[Annotator "NA RC"]
[PlyCount "87"]
[EventDate "2019.12.27"]
[EventType "team-tourn"]
[EventRounds "7"]
[EventCountry "GER"]
[SourceTitle "playchess.com"]
[Source "ChessBase"]
[SourceQuality "1"]
[WhiteTeam "SC Bavaria Regensburg"]
[BlackTeam "SK Bebenhausen"]
[TimeControl "40/5400+30:1800+30"]

1. e4 c5 2. Nf3 Nc6 3. d4 cxd4 4. Nxd4 g6 5. Nc3 Bg7 6. Be3 Nf6 7. Nxc6 bxc6 8. e5 Ng8 9. f4 Nh6 {[%emt 0:00:34] unterminated} 10. Qf3 {[%emt 0:08:12] unterminated B34: Sicilian: Accelerated Dragon with 5 Nc3: sidelines} (10. Qd2 d5 11. Bc5 O-O 12. Bd3 f6 13. O-O fxe5 14. fxe5 Nf7 15. Rae1 Nxe5 16. Rxf8+ Qxf8 17. Kh1 Qf6 18. Rf1 {½-½ (29) Abasov,N (2575)-Zvjaginsev,V (2661) Minsk 2017}) 10... O-O 11. O-O-O {[%emt 0:02:48] unterminated} Qa5 {[%emt 0:16:50] unterminated} 12. a3 $146 (12. Rd4 $11) ({Predecessor:} 12. h3 Rb8 13. g4 f6 14. Bc4+ Kh8 15. exf6 Bxf6 16. a3 Rxb2 17. Bd4 Qxa3 18. Bxf6+ exf6 {0-1 (26) Eldesoky,H (2307)-Zayan,O (2206) Mahalla 2014}) 12... Rb8 13. Rd4 Qb6 14. Rb4 Qc7 15. Rxb8 Qxb8 16. h3 Nf5 17. Bf2 d6 18. g4 Nh6 {[%emt 0:03:22] unterminated} 19. exd6 Qxd6 20. Bc4 {[%emt 0:01:26] unterminated} Qc7 21. Re1 {[%emt 0:03:48] unterminated} Rd8 {[%emt 0:05:12] unterminated} 22. Bc5 Rd7 {[%emt 0:02:03] unterminated} 23. Qe3 {[%emt 0:08:05] unterminated} e6 24. f5 {[%emt 0:01:14] unterminated} gxf5 {[%emt 0:00:55] [#] unterminated} 25. g5 $1 f4 26. Qf3 Nf5 27. Ne4 Qd8 {[%emt 0:03:19] unterminated} 28. Qxf4 a5 29. Qg4 Kh8 30. Qh5 Rb7 31. c3 Rd7 32. Rg1 Qc7 33. Qg4 Qe5 34. h4 Ne7 35. Rf1 {[%emt 0:00:59] unterminated} Nf5 36. Bg1 Qc7 {[%emt 0:00:47] unterminated} 37. Nf6 Rd8 {[%emt 0:00:33] unterminated} 38. Ne4 {[%emt 0:06:25] unterminated} Qe7 {[%emt 0:00:31] unterminated} 39. Bb6 Rg8 {[%emt 0:00:14] unterminated} 40. Qh5 {[%emt 0:04:24] unterminated} a4 $2 (40... Be5 41. Kb1 (41. Bxa5 Qa7 $15) 41... c5) 41. Bd3 {[%emt 0:31:07] unterminated} Qd7 {[%emt 0:05:22] unterminated} 42. Bc2 Ba6 {[%emt 0:00:47] unterminated} 43. Rd1 {[%emt 0:00:00] unterminated} Qe7 44. Bc5 $18 {[%emt 0:00:00] normal} 1-0

[Event "DVM U20 2019"]
[Site "Braunschweig"]
[Date "2019.12.27"]
[Round "1"]
[White "Elier, Ali"]
[Black "Martin, Richard"]
[Result "1/2-1/2"]
[ECO "B21"]
[WhiteElo "2032"]
[BlackElo "1930"]
[Annotator "NA RC"]
[PlyCount "47"]
[EventDate "2019.12.27"]
[EventType "team-tourn"]
[EventRounds "7"]
[EventCountry "GER"]
[SourceTitle "playchess.com"]
[Source "ChessBase"]
[SourceQuality "1"]
[WhiteTeam "SF Brackel"]
[BlackTeam "OSG Baden-Baden"]
[TimeControl "40/5400+30:1800+30"]

1. e4 c5 2. d4 cxd4 3. c3 dxc3 4. Nxc3 Nc6 5. Nf3 d6 6. Bc4 a6 7. O-O Nf6 8. Bf4 {[%emt 0:01:31] B21: Sicilian: 2 f4 and Morra Gambit} (8. h3 e6 9. Qe2 b5 10. Bb3 Bb7 11. Rd1 Qb8 12. Bf4 Nd7 13. Rd2 Be7 14. Bxd6 Bxd6 15. Rad1 Bf4 16. Rxd7 {0-1 (49) Mosadeghpour,M (2475)-Grigoryan,K (2602) Mashhad 2016}) 8... Bg4 9. h3 Bxf3 10. Qxf3 e6 11. Rfd1 Qb8 12. Rac1 Be7 13. Qg3 Nh5 14. Bxd6 Nxg3 15. Bxb8 Rxb8 $146 ({Predecessor:} 15... Nxe4) 16. fxg3 Bf6 {[%emt 0:00:44] unterminated} 17. Ne2 {[%emt 0:14:33] unterminated} O-O {[%emt 0:04:58] unterminated} 18. b3 Ne5 {[%emt 0:02:40] unterminated} 19. Nf4 Rfd8 {[%emt 0:01:26] unterminated} 20. Be2 $15 Kf8 21. Kf1 Rbc8 {[%emt 0:02:19] normal} 22. Rxd8+ Rxd8 {[%emt 0:00:25] normal} 23. Rc7 {[%emt 0:01:19] normal} Rd7 24. Rxd7 {[%emt 0:00:27] normal} 1/2-1/2

[Event "DVM U20 2019"]
[Site "Braunschweig"]
[Date "2019.12.27"]
[Round "1"]
[White "Tiedemann, Fin Niklas"]
[Black "Biastoch, Bennet"]
[Result "1/2-1/2"]
[ECO "B24"]
[WhiteElo "1936"]
[BlackElo "2242"]
[Annotator "NA"]
[PlyCount "82"]
[EventDate "2019.12.27"]
[EventType "team-tourn"]
[EventRounds "7"]
[EventCountry "GER"]
[SourceTitle "playchess.com"]
[Source "ChessBase"]
[SourceQuality "1"]
[WhiteTeam "Lübecker SV"]
[BlackTeam "SG Aufbau Elbe Magdeburg"]
[TimeControl "40/5400+30:1800+30"]

1. e4 c5 2. Nc3 Nc6 3. g3 g6 4. Bg2 Bg7 5. d3 e6 6. f4 Nge7 7. Nf3 d6 8. O-O O-O 9. Ne2 {[%emt 0:02:56] unterminated} b6 {[%emt 0:03:51] unterminated} 10. c3 Ba6 {[%emt 0:02:29] unterminated} 11. Be3 {[%emt 0:02:59] unterminated B25: Closed Sicilian: 3 g3, lines without early Be3} (11. Rb1 Qd7 12. b4 Nd8 13. Be3 Rc8 14. a4 f5 15. b5 Bb7 16. Nd2 Nf7 17. Qb3 fxe4 18. dxe4 d5 {½-½ (55) Cori Tello,J (2549)-Hamitevici,V (2467) Tromsoe 2014}) 11... Rc8 {[%emt 0:06:33] unterminated} 12. Bf2 {[%emt 0:09:55] unterminated} Qd7 {[%emt 0:11:23] unterminated} 13. Re1 {[%emt 0:04:40] unterminated} Rfd8 $146 {[%emt 0:03:35] unterminated} ({Predecessor:} 13... e5 14. f5 gxf5 15. Bh3 d5 16. Qc2 dxe4 17. dxe4 Qd3 18. Qxd3 Bxd3 19. exf5 Bxf5 20. Bxf5 Nxf5 {0-1 (53) Trnovec,M-Bezold,M (2345) Cattolica 1992}) 14. Rc1 {[%emt 0:05:28] unterminated} h6 {[%emt 0:19:21] unterminated} 15. h3 {[%emt 0:07:40] unterminated} e5 16. g4 d5 17. exd5 Nxd5 18. fxe5 Nxe5 19. Nxe5 Bxe5 20. d4 {[%emt 0:00:32] unterminated} Nf4 21. Nxf4 Bxf4 {[%emt 0:00:09] unterminated} 22. Rc2 {[%emt 0:05:29] unterminated} Bb8 {[%emt 0:02:54] unterminated} 23. d5 $15 Qd6 24. c4 b5 25. b3 bxc4 26. bxc4 Re8 27. Qc1 Rxe1+ 28. Qxe1 Qf4 29. Qe3 Qxe3 30. Bxe3 Kg7 31. Kf2 Bd6 32. Bf1 Rb8 33. Bd3 Rb1 34. Bf1 f5 35. gxf5 gxf5 36. Bd3 Bc8 37. Kg2 Rb7 38. Rf2 Kg6 39. Re2 Re7 40. Bf2 Rxe2 41. Bxe2 Kg5 {[%emt 0:09:56] normal} 1/2-1/2

[Event "DVM U20 2019"]
[Site "Braunschweig"]
[Date "2019.12.27"]
[Round "1"]
[White "Jurga, Jonas Vincent"]
[Black "Garbuz, Vitaliy"]
[Result "0-1"]
[ECO "B38"]
[WhiteElo "1896"]
[BlackElo "2064"]
[Annotator "NA RC"]
[PlyCount "58"]
[EventDate "2019.12.27"]
[EventType "team-tourn"]
[EventRounds "7"]
[EventCountry "GER"]
[SourceTitle "playchess.com"]
[Source "ChessBase"]
[SourceQuality "1"]
[WhiteTeam "OSG Baden-Baden"]
[BlackTeam "SF Brackel"]
[TimeControl "40/5400+30:1800+30"]

1. e4 c5 2. Nf3 Nc6 3. d4 cxd4 4. Nxd4 g6 5. c4 Bg7 6. Be3 Nf6 7. Nc3 O-O 8. Be2 d6 9. O-O Bd7 10. h3 Nxd4 11. Bxd4 Bc6 12. Qc2 {[%emt 0:00:30] B38: Sicilian: Maroczy Bind with 5...Bg7 and 7...0-0} a5 13. Rad1 Nd7 14. Bxg7 Kxg7 {[%emt 0:00:08] unterminated} 15. Bg4 {[%emt 0:01:16] unterminated} Nc5 {[%emt 0:14:34] unterminated} 16. e5 f5 17. Be2 {[%emt 0:01:44] unterminated} f4 18. f3 $146 ({Predecessor:} 18. exd6 f3 19. Bxf3 Bxf3 20. gxf3 exd6 {½-½ (58) Moroni,L (2448)-Mamedov,R (2689) Minsk 2017}) 18... Qb6 {[%emt 0:01:46] unterminated} 19. exd6 {[%emt 0:00:37] unterminated} Ne4+ 20. Kh2 Nxd6 {[%emt 0:00:44] unterminated} 21. Bd3 Qc5 {[%emt 0:03:17] unterminated} 22. Qe2 {[%emt 0:03:49] unterminated} Rae8 $14 23. b3 Qb4 24. Qe5+ Kg8 25. Ne2 a4 26. Nxf4 axb3 27. Ne6 Rf6 28. axb3 Nf7 29. Qe2 Qd6+ {[%emt 0:00:39] normal} 0-1

[Event "DVM U20 2019"]
[Site "Braunschweig"]
[Date "2019.12.27"]
[Round "1"]
[White "Fuhrmann, Äke"]
[Black "Habersetzer, Elyse"]
[Result "*"]
[ECO "A13"]
[WhiteElo "1879"]
[BlackElo "1650"]
[Annotator "NA RC"]
[PlyCount "50"]
[EventDate "2019.12.27"]
[EventType "team-tourn"]
[EventRounds "7"]
[EventCountry "GER"]
[SourceTitle "playchess.com"]
[Source "ChessBase"]
[SourceQuality "1"]
[WhiteTeam "Hamburger SK"]
[BlackTeam "SK Turm Kleve"]
[TimeControl "40/5400+30:1800+30"]

1. c4 e6 2. g3 d5 3. Bg2 dxc4 4. Qa4+ Nd7 5. Qxc4 a6 6. Qb3 Rb8 {[%emt 0:01:46] unterminated} 7. Nf3 Ngf6 {[%emt 0:01:26] unterminated} 8. O-O {[%emt 0:04:23] unterminated unterminated. A13: English Opening: 1...e6} (8. d4 b5 9. Ne5 Nxe5 10. dxe5 Nd7 11. O-O Nxe5 12. Rd1 Bd6 13. Bf4 Qe7 14. Bxe5 Bxe5 15. Bc6+ Kf8 {½-½ (72) Ding,L (2805)-Karjakin,S (2750) Saint Louis 2019}) 8... Be7 {[%emt 0:02:05] unterminated} 9. Nc3 O-O {[%emt 0:02:24] unterminated} 10. d4 {[%emt 0:06:22] unterminated} b5 11. Rd1 {[%emt 0:04:09] unterminated} Bb7 {[%emt 0:04:15] unterminated} 12. Bf4 {[%emt 0:10:42] unterminated} Rc8 {[%emt 0:03:56] unterminated} 13. Ne5 {[%emt 0:08:17] unterminated} Bxg2 14. Kxg2 {[%emt 0:00:07] [#]} Nb6 $146 {[%emt 0:01:56] unterminated} ({Predecessor:} 14... c5 15. dxc5 {1-0 (23) Belous,V (2471)-Shimanov,A (2544) Kirishi 2010}) 15. Rac1 {[%emt 0:14:02] unterminated} Qe8 {[%emt 0:07:29] unterminated} 16. Nd3 {[%emt 0:06:41] unterminated} Nc4 17. a4 {[%emt 0:02:44] unterminated} c6 18. Nc5 {[%emt 0:04:11] unterminated} Bxc5 19. dxc5 Nd5 {[%emt 0:00:38] unterminated} 20. Nxd5 exd5 {[%emt 0:04:41] unterminated} 21. Qc3 {[%emt 0:03:56] unterminated} Qe4+ 22. Kg1 {[%emt 0:00:21] unterminated} Rfe8 23. Rd3 {[%emt 0:03:57] unterminated} bxa4 24. Re1 a5 {[%emt 0:00:59] unterminated} 25. Rdd1 Qe7 $15 {[%emt 0:02:18] unterminated} *

[Event "DVM U20 2019"]
[Site "Braunschweig"]
[Date "2019.12.27"]
[Round "1"]
[White "von Angern, Cedric"]
[Black "Kroschel, Anton"]
[Result "*"]
[ECO "B40"]
[WhiteElo "1867"]
[BlackElo "1756"]
[Annotator "NA RC"]
[PlyCount "39"]
[EventDate "2019.12.27"]
[EventType "team-tourn"]
[EventRounds "7"]
[EventCountry "GER"]
[SourceTitle "playchess.com"]
[Source "ChessBase"]
[SourceQuality "1"]
[WhiteTeam "SG Aufbau Elbe Magdeburg"]
[BlackTeam "Lübecker SV"]
[TimeControl "40/5400+30:1800+30"]

1. e4 c5 2. Nf3 e6 3. d4 cxd4 4. Nxd4 Nf6 {[%emt 0:00:00] unterminated} 5. Bd3 Nc6 {[%emt 0:01:59] unterminated} 6. c3 {[%emt 0:03:33] unterminated} Be7 {[%emt 0:11:38] unterminated B40: Sicilian: 2...e6, Unusual lines} (6... Qc7 7. O-O h5 8. Nxc6 bxc6 9. Nd2 d5 10. exd5 cxd5 11. Bb5+ Bd7 12. Qa4 Bd6 13. Nf3 Rb8 14. Bxd7+ Qxd7 {0-1 (26) Bratkovskiy,D (2202)-Eraschenkov,D (2391) Maikop 2019}) 7. O-O {[%emt 0:01:51] unterminated} O-O {[%emt 0:14:02] unterminated} 8. Qe2 {[%emt 0:06:02] unterminated} d6 {[%emt 0:11:21] unterminated} 9. Nd2 {[%emt 0:08:22] unterminated} e5 {[%emt 0:13:45] unterminated} 10. N4f3 $146 ({Predecessor:} 10. Nc2 Bg4 11. f3 Be6 12. Nc4 Qc7 {½-½ (12) Kindler,J-Kiefer,G Ketsch 1978}) 10... Nd7 11. Nc4 Nc5 12. Bc2 Qc7 13. Ne3 Be6 14. Rd1 a5 15. Nd5 Bxd5 16. Rxd5 Ne6 {[%emt 0:00:41] unterminated} 17. g3 {[%emt 0:03:01] unterminated} Rad8 18. Be3 {[%emt 0:02:07] unterminated} b6 {[%emt 0:03:08] unterminated} 19. Rad1 Nc5 {[%emt 0:03:27] unterminated} 20. a3 $16 {[%emt 0:06:03] unterminated} *

[Event "DVM U20 2019"]
[Site "Braunschweig"]
[Date "2019.12.27"]
[Round "1"]
[White "Brüll, Elias"]
[Black "Rösler, Hannah Clara Hed"]
[Result "*"]
[ECO "B34"]
[WhiteElo "1797"]
[BlackElo "1695"]
[Annotator "NA RC"]
[PlyCount "53"]
[EventDate "2019.12.27"]
[EventType "team-tourn"]
[EventRounds "7"]
[EventCountry "GER"]
[SourceTitle "playchess.com"]
[Source "ChessBase"]
[SourceQuality "1"]
[WhiteTeam "SC Bavaria Regensburg"]
[BlackTeam "SK Bebenhausen"]
[TimeControl "40/5400+30:1800+30"]

1. e4 c5 2. Nf3 g6 3. d4 cxd4 4. Nxd4 Nc6 5. Nc3 Bg7 6. Be3 Nf6 7. Nxc6 bxc6 8. e5 Ng8 9. f4 Nh6 10. Qd2 O-O 11. O-O-O d6 12. Bc4 Bg4 13. Rde1 dxe5 14. fxe5 Nf5 15. Qxd8 Rfxd8 16. Bf2 Nd4 17. Re4 Be6 18. Bxe6 Nxe6 19. Rc4 Bxe5 20. Rxc6 Bf4+ 21. Kb1 Rd2 22. Ne4 Re2 23. Re1 Rd8 24. Rf1 Rxe4 25. Bxa7 Rd2 26. g3 Be5 27. b3 {[%emt 0:00:34] unterminated} *

[Event "DVM U20 2019"]
[Site "Braunschweig"]
[Date "2019.12.27"]
[Round "1"]
[White "Mundt, Alexandra"]
[Black "Wagner, Benjamin"]
[Result "1-0"]
[ECO "C99"]
[WhiteElo "1775"]
[BlackElo "1994"]
[Annotator "NA"]
[PlyCount "84"]
[EventDate "2019.12.27"]
[EventType "team-tourn"]
[EventRounds "7"]
[EventCountry "GER"]
[SourceTitle "playchess.com"]
[Source "ChessBase"]
[SourceQuality "1"]
[WhiteTeam "Lübecker SV"]
[BlackTeam "SG Aufbau Elbe Magdeburg"]
[TimeControl "40/5400+30:1800+30"]

1. e4 e5 2. Nf3 Nc6 3. Bb5 a6 4. Ba4 Nf6 5. O-O b5 6. Bb3 Be7 7. Re1 d6 8. c3 O-O 9. h3 Na5 10. Bc2 c5 11. d4 Qc7 12. Nbd2 cxd4 13. cxd4 Nc6 14. d5 Nb4 15. Bb1 a5 16. Nf1 Bd7 17. Be3 {[%emt 0:04:25] C99: Closed Ruy Lopez: Chigorin Defence: 11 d4 Qc7 12 Nbd2 cxd4} Rfc8 18. Re2 Bd8 19. Ng3 Qb7 20. Qd2 {[%emt 0:06:04] [#]} Bb6 $146 ({Predecessor:} 20... Na6 21. Bc2 Nb4 {½-½ (23) Short,N (2674)-Adams,M (2741) Wijk aan Zee 2005}) 21. Bg5 Ne8 22. Nh4 Rc7 23. a3 Na6 24. Ngf5 {[%emt 0:06:41] unterminated} b4 {[%emt 0:13:40] unterminated} 25. Bc2 {[%emt 0:07:33] unterminated} g6 {[%emt 0:19:23] unterminated} 26. Nh6+ Kg7 {[%emt 0:01:11] unterminated} 27. Ng4 {[%emt 0:03:20] unterminated} Rac8 $2 {[%emt 0:05:57] unterminated} (27... Bxg4 $1 $15 {stays ahead.} 28. hxg4 Qc8) 28. Bh6+ $2 ({White must play} 28. Bf6+ $1 $18 Kg8 29. Nh6+ Kf8 30. N6f5 Bxf5 31. Nxf5 gxf5 32. Qh6+ {[%mdl 64] Double Attack} Kg8 33. Qg5+ {[%mdl 64] Double Attack} Kf8 34. Qh6+ {[%mdl 64] Double Attack} Kg8 35. Qg5+ {[%mdl 64] Double Attack} Kf8 36. Qh6+ {[%mdl 64] Double Attack}) 28... Kg8 29. Bd1 {[%emt 0:00:51] unterminated} Bxg4 30. hxg4 {[%emt 0:00:08] unterminated} Rc4 {[%emt 0:03:09] unterminated} 31. Ba4 Nf6 32. Bc6 Qa7 33. Qd3 Rxe4 34. Rxe4 Bxf2+ 35. Kh2 Nxe4 36. Qxe4 Bxh4 37. axb4 {[%emt 0:00:54] unterminated} Qb6 {[%emt 0:07:47] unterminated} 38. bxa5 Qxb2 39. Rb1 {[%emt 0:00:28] unterminated} Qa3 40. Bb7 {[%emt 0:00:32] unterminated} Nc5 {[%emt 0:00:12] unterminated} 41. Qc2 $19 {[%emt 0:06:41] unterminated} (41. Qf3 $11 {and White has nothing to worry.} Qa2 42. Rf1) 41... Rd8 {[%emt 0:07:31] unterminated} 42. a6 Nxa6 {[%emt 0:02:16] normal} 1-0

[Event "DVM U20 2019"]
[Site "Braunschweig"]
[Date "2019.12.27"]
[Round "1"]
[White "Hoenselaar, Dennis"]
[Black "Meyling, Lennart"]
[Result "0-1"]
[ECO "A10"]
[WhiteElo "1769"]
[BlackElo "1955"]
[Annotator "NA RC"]
[PlyCount "52"]
[EventDate "2019.12.27"]
[EventType "team-tourn"]
[EventRounds "7"]
[EventCountry "GER"]
[SourceTitle "playchess.com"]
[Source "ChessBase"]
[SourceQuality "1"]
[WhiteTeam "SK Turm Kleve"]
[BlackTeam "Hamburger SK"]
[TimeControl "40/5400+30:1800+30"]

1. c4 g6 2. g3 Bg7 3. Bg2 d6 4. Nc3 e5 5. d3 Ne7 6. e3 O-O 7. Nge2 c6 {[%emt 0:00:52] unterminated} 8. O-O f5 9. f4 {[%emt 0:02:03] unterminated} Be6 {[%emt 0:04:01] unterminated} 10. b3 Nd7 {[%emt 0:01:06] unterminated} 11. Qc2 d5 {[%emt 0:01:49] unterminated} 12. fxe5 {[%emt 0:07:45] unterminated} Nxe5 $11 13. Nf4 Bf7 14. d4 Ng4 15. h3 Nf6 16. c5 g5 17. Nd3 Ne4 18. Ne2 Qc7 19. Bxe4 fxe4 20. Ne5 Be6 21. Rxf8+ Rxf8 22. Kg2 Bxe5 23. dxe5 Qxe5 24. Bb2 Bxh3+ 25. Kxh3 Qf5+ 26. g4 Qf2 {[%emt 0:00:20] normal} 0-1